[Event "Titled Tuesday Blitz April 26 Early 2022"]
[White "Guseva, Marina"]
[Black "Swiercz, Dariusz"]
[WhiteFideId "4149351"]
[BlackFideId "1126881"]
[WhiteElo "2071"]
[BlackElo "2627"]
[Result "0-1"]
[Round "02"]
[TimeControl "180+1"]
[Date "2022.04.26"]
[WhiteClock "0:00:49"]
[BlackClock "0:00:34"]

1. d4 Nf6 2. Nf3 e6 3. Bf4 c5 4. e3 Nc6 5. Nbd2 Nh5 6. Bg5 Be7 7. Bxe7 Qxe7 8. c3 O-O 9. Bd3 Nf6 10. Qe2 d6 11. O-O e5 12. dxe5 dxe5 13. e4 Be6 14. Bc4 Rad8 15. Rfd1 Rd6 16. Bxe6 Qxe6 17. Nc4 Rxd1+ 18. Rxd1 Qg4 19. h3 Qxe4 20. Qxe4 Nxe4 21. Nfxe5 Nxe5 22. Nxe5 Re8 23. Nc4 Nf6 24. Na5 b6 25. Nc6 h5 26. Kf1 a6 27. a4 Re6 28. Rd8+ Kh7 29. Nb8 b5 30. a5 c4 31. Rc8 Ne4 32. f3 Ng3+ 33. Kf2 h4 34. f4 Re2+ 35. Kf3 Rxb2 36. Rc6 Rb3 37. Rxa6 Rxc3+ 38. Kg4 Ra3 39. Nc6 c3 40. Nb4 Ra4 41. Nc2 Ne2 42. Ra8 Rxf4+ 43. Kg5 f6+ 44. Kh5 g6# 0-1


[Site "https://www.chess.com"]

[Event "Titled Tuesday Blitz April 26 Early 2022"]
[White "Gutierrez Olivares, Daniel"]
[Black "Bilych, Olexiy"]
[WhiteFideId "2264005"]
[BlackFideId "14156504"]
[WhiteElo "2317"]
[BlackElo "2176"]
[Result "0-1"]
[Round "02"]
[TimeControl "180+1"]
[Date "2022.04.26"]
[WhiteClock "0:00:11"]
[BlackClock "0:00:12"]

1. Nf3 d5 2. c4 c6 3. g3 Nf6 4. Bg2 g6 5. b3 Bg7 6. Bb2 O-O 7. O-O a5 8. Na3 a4 9. d3 Qa5 10. Nc2 Rd8 11. b4 Qa6 12. c5 Bg4 13. a3 Nbd7 14. h3 Bxf3 15. Bxf3 e5 16. Qc1 Re8 17. Bg2 h5 18. e4 Qxd3 19. Rd1 Qb5 20. Ne3 d4 21. Nc4 Bf8 22. Bf1 Qa6 23. Nxe5 Qa7 24. Nxd7 Nxd7 25. Rxd4 Ne5 26. f4 Nf3+ 27. Kg2 Nxd4 28. Bxd4 Bg7 29. Bxg7 Kxg7 30. Qc3+ f6 31. e5 fxe5 32. Bc4 Qb8 33. Rd1 Qc7 34. Rd6 Qe7 35. Bd3 Rg8 36. fxe5 Kh6 37. Qd2+ Qg5 38. Qc2 Rae8 39. e6 Re7 40. h4 Qf6 41. Qd2+ Kg7 42. Bc4 Rf8 43. Rd7 Rxd7 44. exd7 Rd8 45. Qd3 Qe7 46. Ba2 Rxd7 47. Qc3+ Qf6 48. Qxf6+ Kxf6 49. Bb1 Rd2+ 50. Kh3 Rb2 51. Be4 Rb3 52. b5 Rxb5 53. Bd3 Rxc5 54. Be2 Rc3 55. Bxh5 gxh5 0-1


[Site "https://www.chess.com"]

[Event "Titled Tuesday Blitz April 26 Early 2022"]
[White "Halvax, Georg"]
[Black "Kollars, Dmitrij"]
[WhiteFideId "1619543"]
[BlackFideId "12909572"]
[WhiteElo "2403"]
[BlackElo "2584"]
[Result "0-1"]
[Round "02"]
[TimeControl "180+1"]
[Date "2022.04.26"]
[WhiteClock "0:01:30"]
[BlackClock "0:01:37"]

1. d4 Nf6 2. c4 g6 3. Nc3 Bg7 4. e4 O-O 5. Be2 d6 6. Be3 Nc6 7. Nf3 Ng4 8. Bg5 h6 9. Bh4 g5 10. Bg3 e5 11. d5 Nd4 12. h4 f5 13. hxg5 hxg5 14. exf5 Bxf5 15. Nxd4 exd4 16. Bxg4 dxc3 17. Bxf5 Rxf5 18. Qh5 Qe8+ 19. Kd1 Qe4 20. bxc3 Qd3+ 21. Kc1 Qxc3+ 22. Kd1 Qxa1+ 23. Kd2 Qc3+ 24. Kd1 Qd3+ 25. Kc1 Qxc4+ 0-1


[Site "https://www.chess.com"]

[Event "Titled Tuesday Blitz April 26 Early 2022"]
[White "Harikrishna, Pentala"]
[Black "Popadic, Dragan"]
[WhiteFideId "5007003"]
[BlackFideId "913650"]
[WhiteElo "2574"]
[BlackElo "2203"]
[Result "1-0"]
[Round "02"]
[TimeControl "180+1"]
[Date "2022.04.26"]
[WhiteClock "0:00:40"]
[BlackClock "0:00:50"]

1. e4 c5 2. c3 g6 3. d4 cxd4 4. cxd4 Bg7 5. Nc3 d6 6. h3 Nf6 7. Nf3 O-O 8. Be2 a6 9. a4 b6 10. O-O Bb7 11. d5 Nbd7 12. Nd4 Nc5 13. Bf3 a5 14. Nc6 Bxc6 15. dxc6 Rc8 16. Bg5 e5 17. Nd5 Rxc6 18. Rc1 h6 19. Nxf6+ Bxf6 20. Bxh6 Bg7 21. Be3 Qe7 22. Qd5 Rcc8 23. Rfd1 Rfd8 24. Be2 Nxa4 25. Rxc8 Rxc8 26. Bb5 Nc5 27. Qxd6 Qxd6 28. Rxd6 Nxe4 29. Rxb6 Rc7 30. Ra6 Nd6 31. Rxd6 Rb7 32. Rd5 e4 33. b3 1-0


[Site "https://www.chess.com"]

[Event "Titled Tuesday Blitz April 26 Early 2022"]
[White "Hartikainen, Jarmo"]
[Black "Ozdemir, Serhan Berat"]
[WhiteFideId "503134"]
[BlackFideId "6374611"]
[WhiteElo "2106"]
[BlackElo "1920"]
[Result "1-0"]
[Round "02"]
[TimeControl "180+1"]
[Date "2022.04.26"]
[WhiteClock "0:00:08"]
[BlackClock "0:00:01"]

1. e4 c5 2. c3 d5 3. exd5 Qxd5 4. d4 Nc6 5. Nf3 Bg4 6. Be2 cxd4 7. cxd4 e6 8. Nc3 Qa5 9. O-O Nf6 10. Be3 Bd6 11. h3 Bh5 12. Rc1 O-O 13. a3 Qd8 14. b4 Rc8 15. Qb3 Ne7 16. Bg5 Bb8 17. Bh4 a6 18. Rfd1 Ng6 19. Bg5 Qd6 20. g3 Bxf3 21. Bxf3 h6 22. Bxf6 gxf6 23. Ne4 Qe7 24. Qe3 Kh7 25. h4 f5 26. Nc5 f4 27. Qe1 fxg3 28. fxg3 Qf6 29. Kg2 Ne7 30. Be4+ Nf5 31. Bxf5+ 1-0


[Site "https://www.chess.com"]

[Event "Titled Tuesday Blitz April 26 Early 2022"]
[White "Haukenfrers, Dale"]
[Black "Toncheva, Nadya"]
[WhiteFideId "2603780"]
[BlackFideId "2924056"]
[WhiteElo "2020"]
[BlackElo "1884"]
[Result "1-0"]
[Round "02"]
[TimeControl "180+1"]
[Date "2022.04.26"]
[WhiteClock "0:01:00"]
[BlackClock "0:00:03"]

1. c3 e5 2. f3 d5 3. e4 dxe4 4. Be2 exf3 5. Nxf3 Nc6 6. O-O Nf6 7. d4 exd4 8. cxd4 Be7 9. Nc3 Be6 10. Kh1 O-O 11. Be3 Nd5 12. Bg1 Bf6 13. Ne4 Qd7 14. Rc1 Rad8 15. Qa4 Be7 16. a3 Nb6 17. Qc2 Bf5 18. Bd3 g6 19. b4 a6 20. Qb3 Qd5 21. Qc2 Rfe8 22. Qb1 Qd7 23. Rc5 Bxc5 24. Nf6+ Kg7 25. Nxd7 Bxd3 26. Qxd3 Nxd7 27. dxc5 Nde5 28. Qc3 f6 29. Nxe5 Nxe5 30. h3 Rd3 31. Qb2 Red8 32. Qf2 f5 33. Qb2 Kf6 34. Bh2 R8d5 35. Re1 Rd1 36. Bxe5+ Kf7 37. Bg3 1-0


[Site "https://www.chess.com"]

[Event "Titled Tuesday Blitz April 26 Early 2022"]
[White "Hoffmann, Asa"]
[Black "Krishnan, Varun"]
[WhiteFideId "2001470"]
[BlackFideId "5054508"]
[WhiteElo "2117"]
[BlackElo "2503"]
[Result "1-0"]
[Round "02"]
[TimeControl "180+1"]
[Date "2022.04.26"]
[WhiteClock "0:00:01"]
[BlackClock "0:00:01"]

1. d4 Nf6 2. Bg5 Ne4 3. Bf4 c5 4. f3 Nf6 5. dxc5 Nc6 6. Nc3 e5 7. Be3 e4 8. a3 Be7 9. Nxe4 Nxe4 10. fxe4 Bf6 11. c3 Qe7 12. Qd5 O-O 13. g3 b6 14. Bg2 Bb7 15. cxb6 axb6 16. Rd1 Rfd8 17. Nh3 Ra5 18. Qd6 Qe8 19. Bxb6 Rb5 20. Bxd8 Qxd8 21. O-O Be7 22. Qxd7 Qb6+ 23. Kh1 h6 24. b4 Re5 25. Nf4 Nd8 26. Nd5 Bxd5 27. Rxd5 Re6 28. Qb5 Qe3 29. Qd3 Qb6 30. c4 Qc7 31. c5 Nc6 32. Rd1 Ne5 33. Qd4 Ng4 34. Bf3 Ne5 35. Kg2 Bf6 36. Qd2 Qc6 37. h4 Kh7 38. Qf4 Nc4 39. e5 Bxe5 40. Qxc4 Bc7 41. Qd3+ g6 42. e4 Qe8 43. Rd7 Be5 44. Qd5 Bg7 45. Rd3 Re5 46. Qxf7 Qxf7 47. Rxf7 Re6 48. Rxg7+ Kxg7 49. e5 Rxe5 50. c6 Kf6 51. c7 Re8 52. Rd8 Re1 53. c8=Q g5 54. Qc6+ Ke7 55. Rd7+ Kf8 56. Qc8+ Re8 57. Qc5+ Kg8 58. Qf5 1-0


[Site "https://www.chess.com"]

[Event "Titled Tuesday Blitz April 26 Early 2022"]
[White "Hua, Lefong"]
[Black "Sanal, Vahap"]
[WhiteFideId "2602253"]
[BlackFideId "6300545"]
[WhiteElo "2608"]
[BlackElo "2603"]
[Result "0-1"]
[Round "02"]
[TimeControl "180+1"]
[Date "2022.04.26"]
[WhiteClock "0:00:38"]
[BlackClock "0:01:41"]

1. d4 Nf6 2. c4 g6 3. Nc3 Bg7 4. e4 d6 5. f4 O-O 6. Nf3 e5 7. fxe5 dxe5 8. d5 Bg4 9. Be2 c6 10. O-O cxd5 11. cxd5 Ne8 12. Be3 Nd6 13. Rc1 Nd7 14. b4 Rc8 15. Qb3 a6 16. a4 Bxf3 17. Rxf3 f5 18. Bd3 fxe4 19. Rxf8+ Bxf8 20. Nxe4 Rxc1+ 21. Bxc1 Nxe4 22. Bxe4 Qh4 23. d6+ Kg7 24. Qe3 Bxd6 25. g3 Qf6 26. Bxb7 Bxb4 27. Kg2 Nc5 28. Qh6+ Kh8 29. Bg5 Qg7 30. Qh4 Qxb7+ 0-1


[Site "https://www.chess.com"]

[Event "Titled Tuesday Blitz April 26 Early 2022"]
[White "Ibadov, Dashgyn"]
[Black "Allahverdiyeva, Ayan"]
[WhiteFideId "24107514"]
[BlackFideId "13412590"]
[WhiteElo "2138"]
[BlackElo "1910"]
[Result "0-1"]
[Round "02"]
[TimeControl "180+1"]
[Date "2022.04.26"]
[WhiteClock "0:00:31"]
[BlackClock "0:00:02"]

1. e4 c5 2. Nf3 d6 3. d4 cxd4 4. Qxd4 Nc6 5. Bb5 Bd7 6. Bxc6 Bxc6 7. Nc3 Nf6 8. Bg5 Qa5 9. Bxf6 gxf6 10. O-O-O h5 11. Kb1 b5 12. Nd5 Rc8 13. Nh4 Qa4 14. Qd3 Bxd5 15. Qxd5 Qxc2+ 16. Ka1 Qc4 17. Qb7 Qc6 18. Qxa7 Qxe4 19. Nf3 Ra8 20. Qb6 Qc4 21. a3 f5 22. Rc1 Rxa3+ 23. Kb1 Qa2+ 24. Kc2 Qb3+ 25. Kb1 Qd3+ 26. Rc2 Ra1+ 27. Kxa1 Qxc2 28. Qxb5+ Kd8 29. Nd4 Qc5 0-1


[Site "https://www.chess.com"]

[Event "Titled Tuesday Blitz April 26 Early 2022"]
[White "Iljin, Timofey"]
[Black "Paravyan, David"]
[WhiteFideId "14110180"]
[BlackFideId "4194985"]
[WhiteElo "2396"]
[BlackElo "2569"]
[Result "0-1"]
[Round "02"]
[TimeControl "180+1"]
[Date "2022.04.26"]
[WhiteClock "0:00:02"]
[BlackClock "0:00:09"]

1. d4 Nf6 2. c4 g6 3. Nc3 d5 4. cxd5 Nxd5 5. e4 Nxc3 6. bxc3 Bg7 7. Nf3 c5 8. Be2 Nc6 9. d5 Bxc3+ 10. Bd2 Bxa1 11. Qxa1 Nd4 12. Nxd4 cxd4 13. Qxd4 O-O 14. O-O Qb6 15. Qa1 Bd7 16. Bh6 Qf6 17. e5 Qh4 18. Bxf8 Rxf8 19. f4 Bg4 20. Bxg4 Qxg4 21. Qd4 Rd8 22. Qxa7 Rxd5 23. Qxb7 Rd2 24. a4 Ra2 25. a5 Qe2 26. Qf3 Qc2 27. h3 Rxa5 28. Qf2 Qc4 29. Qf3 Ra2 30. Kh2 Qd4 31. Qg4 Kg7 32. Qg5 Qe4 33. Qg3 Re2 34. Qf3 Qc2 35. Qg3 e6 36. Qg5 Rd2 37. Qf6+ Kg8 38. Qg5 Kg7 39. Qf6+ Kg8 40. Qg5 h6 41. Qg3 Kg7 42. Qg4 Re2 43. Qf3 Qd2 44. Qg3 Re3 45. Qf2 Qd3 46. Rg1 Qe4 47. Rf1 Re2 48. Qf3 Qc4 49. Qg3 Rxe5 50. fxe5 Qxf1 51. Qe3 Qf5 52. Qd4 g5 53. g3 h5 54. Qb2 g4 55. hxg4 hxg4 56. Kg2 Kg6 57. Kh2 Qh5+ 58. Kg2 Qf5 59. Kh2 Kh5 60. Kg2 Qf3+ 61. Kh2 Qe4 62. Qf2 Qf5 63. Qb2 Kg6 64. Kg2 Kg7 65. Kh2 Qh5+ 66. Kg2 Qh3+ 67. Kg1 Qxg3+ 68. Kh1 Qh4+ 69. Kg1 g3 70. Qg2 Qh2+ 0-1


[Site "https://www.chess.com"]

[Event "Titled Tuesday Blitz April 26 Early 2022"]
[White "Itkis, Boris"]
[Black "Shandrygin, Nikita"]
[WhiteFideId "1209167"]
[BlackFideId "24198668"]
[WhiteElo "2207"]
[BlackElo "2323"]
[Result "0-1"]
[Round "02"]
[TimeControl "180+1"]
[Date "2022.04.26"]
[WhiteClock "0:00:23"]
[BlackClock "0:00:12"]

1. b3 d5 2. Bb2 c5 3. Nf3 Nc6 4. e3 a6 5. d4 cxd4 6. Nxd4 Bd7 7. Nd2 Nf6 8. Bd3 e6 9. O-O Bd6 10. c4 O-O 11. cxd5 Nxd5 12. N2f3 Qe7 13. Rc1 Rad8 14. Qe2 e5 15. Nxc6 Bxc6 16. Nd2 Nb4 17. Bb1 e4 18. Nc4 Bc7 19. g3 Nd3 20. Rcd1 b5 21. Ba3 b4 22. Bb2 Rd5 23. Bxd3 exd3 24. Rxd3 Rxd3 25. Qxd3 Rd8 26. Qf5 Be4 27. Qg4 f5 28. Qh4 Qxh4 29. gxh4 Bf3 30. Ne5 Rd2 31. Bd4 Bxe5 32. Bxe5 Rxa2 33. Bd6 a5 34. Rc1 Rb2 35. h3 Rxb3 36. Be5 Kf7 37. Rc7+ Ke6 38. Bxg7 a4 39. Ra7 a3 40. Kh2 f4 41. exf4 Bd5 42. h5 Kf5 43. h6 Rf3 44. Kg2 a2 45. Rxa2 Ra3+ 46. Kh2 Rxa2 47. Be5 b3 48. Kg1 Re2 49. Bd4 Re4 50. Bb2 Rxf4 51. Kf1 Re4 52. Bc3 Bc4+ 53. Kg1 Re2 54. Kh2 b2 55. Kg3 b1=Q 56. h4 Qe4 57. Be5 Qxe5+ 58. Kg2 Qe4+ 59. Kf1 Re3+ 60. Kg1 Re1+ 61. Kh2 Qf4+ 62. Kg2 Qg4+ 63. Kh2 Bd5 64. f3 Qxf3 65. h5 Qg2# 0-1


[Site "https://www.chess.com"]

[Event "Titled Tuesday Blitz April 26 Early 2022"]
[White "Ivic, Velimir"]
[Black "Tymrakiewicz, Rafal"]
[WhiteFideId "950122"]
[BlackFideId "1108832"]
[WhiteElo "2610"]
[BlackElo "2205"]
[Result "1-0"]
[Round "02"]
[TimeControl "180+1"]
[Date "2022.04.26"]
[WhiteClock "0:01:31"]
[BlackClock "0:01:56"]

1. e4 Nf6 2. e5 Nd5 3. d4 d6 4. c4 Nb6 5. f4 dxe5 6. fxe5 c5 7. d5 e6 8. Nc3 exd5 9. cxd5 c4 10. d6 Be6 11. Nf3 Nc6 12. Be2 a6 13. O-O h6 14. Nd4 Nxd4 15. Qxd4 Nd7 16. Be3 Qa5 17. Bxc4 Qxe5 18. Bxe6 fxe6 19. Qxe5 Nxe5 20. Rad1 O-O-O 21. Bb6 Rd7 22. Ne4 Nc4 23. Rc1 1-0


[Site "https://www.chess.com"]

[Event "Titled Tuesday Blitz April 26 Early 2022"]
[White "Jaferian, Koosha"]
[Black "Okike, David"]
[WhiteFideId "12507440"]
[BlackFideId "8500134"]
[WhiteElo "2030"]
[BlackElo "2232"]
[Result "1-0"]
[Round "02"]
[TimeControl "180+1"]
[Date "2022.04.26"]
[WhiteClock "0:02:07"]
[BlackClock "0:01:59"]

1. Nf3 d5 2. b3 c5 3. e3 a6 4. Bb2 Nc6 5. Be2 d4 6. O-O e5 7. exd4 exd4 8. a4 Be7 9. Bc4 Nf6 10. Re1 O-O 11. d3 Rb8 12. Ng5 b5 13. Bxf7+ Rxf7 14. Nxf7 Kxf7 15. axb5 axb5 16. Nd2 Bg4 17. Nf3 Kg8 18. h3 Bh5 19. Ra6 Bf8 20. Rxc6 Qd5 21. Ra6 Qb7 22. Ra1 Rd8 23. Bc1 Nd5 24. Bg5 Rc8 25. Qe2 Re8 26. Qd2 Bxf3 27. Rxe8 Nc7 28. Rxf8+ Kxf8 29. gxf3 1-0


[Site "https://www.chess.com"]

[Event "Titled Tuesday Blitz April 26 Early 2022"]
[White "Jakubowska, Anna"]
[Black "Atakhan, Abtin"]
[WhiteFideId "1121952"]
[BlackFideId "22502203"]
[WhiteElo "1924"]
[BlackElo "2094"]
[Result "1-0"]
[Round "02"]
[TimeControl "180+1"]
[Date "2022.04.26"]
[WhiteClock "0:00:27"]
[BlackClock "0:00:03"]

1. e4 c5 2. Nc3 Nc6 3. g3 g6 4. Bg2 Bg7 5. d3 d6 6. Nh3 e5 7. O-O Nge7 8. f4 Nd4 9. Nd5 Nxd5 10. exd5 O-O 11. c3 Nf5 12. fxe5 dxe5 13. Ng5 Nd6 14. Be3 b6 15. Ne4 Bb7 16. c4 Qe7 17. Qd2 Rad8 18. Bg5 f6 19. Bh6 Bxh6 20. Qxh6 Nf5 21. Qd2 Kg7 22. Rxf5 gxf5 23. Nc3 Kh8 24. Rf1 Bc8 25. Nd1 f4 26. gxf4 Rg8 27. Kh1 Rdf8 28. Ne3 exf4 29. Rxf4 Qe5 30. Qf2 Qg5 31. Nf5 Bxf5 32. Rxf5 Qc1+ 33. Bf1 Rg6 34. d6 Rfg8 35. d7 Qxb2 36. d8=Q Qxf2 37. Qxg8+ Kxg8 38. Rxf2 Kf7 39. Be2 Rg5 40. h4 Re5 41. Kg2 Re3 42. h5 Ke6 43. Kf1 Ke5 44. Ke1 Rh3 45. Kd2 f5 46. Rf3 Rh4 47. Ke3 f4+ 48. Kd2 Rh2 49. Rf1 Kf5 50. Rg1 h6 51. Rf1 Ke5 52. a4 Kf5 53. Ke1 Ke5 54. Rf2 Rh1+ 55. Kd2 Rh3 56. Bf3 Kd4 57. Re2 Rxf3 58. Re4# 1-0


[Site "https://www.chess.com"]

[Event "Titled Tuesday Blitz April 26 Early 2022"]
[White "Jaracz, Pawel"]
[Black "Sanchez, Robert"]
[WhiteFideId "1102222"]
[BlackFideId "2034360"]
[WhiteElo "2429"]
[BlackElo "2401"]
[Result "1-0"]
[Round "02"]
[TimeControl "180+1"]
[Date "2022.04.26"]
[WhiteClock "0:00:14"]
[BlackClock "0:00:03"]

1. d4 d5 2. c4 c6 3. Nf3 Nf6 4. Qc2 g6 5. Bg5 Bg7 6. Nbd2 O-O 7. e3 a5 8. Be2 Na6 9. O-O Nb4 10. Qc3 h6 11. Bf4 Nh5 12. Be5 f6 13. Bg3 Nxg3 14. hxg3 e5 15. a3 exd4 16. exd4 Na6 17. Bd3 f5 18. Rfe1 Kh7 19. c5 Nc7 20. Ne5 Ne6 21. f4 g5 22. Qc2 Nxd4 23. Qd1 a4 24. Ndf3 Nxf3+ 25. Qxf3 Qe7 26. Qf2 Ra5 27. Rac1 Qf6 28. Rc2 Be6 29. Rce2 Bc8 30. Qd4 Kg8 31. Qb4 Ra8 32. Nf3 g4 33. Ne5 h5 34. Kf2 h4 35. Rh1 hxg3+ 36. Kxg3 Be6 37. Qxb7 Rab8 38. Qxc6 Rbc8 39. Qb6 Rfd8 40. Nxg4 fxg4 41. Rxe6 Qd4 42. Bh7+ Kf8 43. Qb7 Rxc5 44. Bg6 1-0


[Site "https://www.chess.com"]

[Event "Titled Tuesday Blitz April 26 Early 2022"]
[White "Jaskolka, Tomasz"]
[Black "Nguyen, Hong Anh"]
[WhiteFideId "1170791"]
[BlackFideId "12406732"]
[WhiteElo "2073"]
[BlackElo "2016"]
[Result "0-1"]
[Round "02"]
[TimeControl "180+1"]
[Date "2022.04.26"]
[WhiteClock "0:00:03"]
[BlackClock "0:01:00"]

1. d4 Nf6 2. Bf4 g6 3. Nc3 d5 4. e3 Bg7 5. h4 h5 6. Nf3 O-O 7. Ne5 c5 8. Be2 Nc6 9. Qd2 cxd4 10. exd4 Qb6 11. O-O-O Bf5 12. Na4 Qd8 13. f3 Rc8 14. Nxc6 Rxc6 15. Bd3 Qc8 16. Bxf5 Qxf5 17. Rde1 Rfc8 18. c3 Nd7 19. g4 hxg4 20. fxg4 Qxg4 21. Rhg1 Qf5 22. h5 b5 23. Nc5 Nxc5 24. dxc5 Rxc5 25. hxg6 fxg6 26. Rg2 b4 27. Rg5 bxc3 28. bxc3 Rxc3+ 29. Kd1 Qh3 30. Qxd5+ e6 31. Qxe6+ Qxe6 32. Rxe6 Rd3+ 33. Ke2 Rd7 34. Rexg6 Rc2+ 35. Kf3 Rf7 36. Kg3 Rc3+ 37. Kg4 Rc4 38. Rf5 Rxf5 39. Kxf5 Kf7 40. Ra6 Rc5+ 41. Kg4 Bf6 42. Rxa7+ Kg6 43. Ra6 Rc4 44. a4 Kf7 45. Kf3 Rc3+ 46. Ke4 Rc4+ 47. Kf3 Rc3+ 48. Ke4 Rc4+ 49. Kf5 Rc5+ 50. Kg4 Rc4 51. Kg3 Rc3+ 52. Kf2 Bd4+ 53. Ke2 Ra3 54. Bd2 Ke8 55. Bb4 Rb3 56. Be1 Kd7 57. Kd2 Kc7 58. Kc2 Ra3 59. Re6 Rxa4 60. Bg3+ Kb7 61. Kd3 Bb6 62. Re7+ Ka6 63. Re6 Ra3+ 64. Kc4 Rxg3 65. Kd5 Rg5+ 66. Ke4 Kb7 67. Rf6 Bc7 68. Rf7 Kc6 69. Rf6+ Bd6 70. Rh6 Rg4+ 71. Kf5 Rf4+ 72. Ke6 Re4+ 73. Kf5 Re1 74. Rh4 Kd5 75. Rh3 Rf1+ 76. Kg6 Ke6 77. Re3+ Be5 78. Rb3 Rg1+ 79. Kh5 Kf5 80. Rf3+ Bf4 81. Rh3 Rg6 82. Rg3 Rh6# 0-1


[Site "https://www.chess.com"]

[Event "Titled Tuesday Blitz April 26 Early 2022"]
[White "Jumabayev, Rinat"]
[Black "Sirosh, Ilja"]
[WhiteFideId "13702661"]
[BlackFideId "4500458"]
[WhiteElo "2561"]
[BlackElo "2241"]
[Result "1-0"]
[Round "02"]
[TimeControl "180+1"]
[Date "2022.04.26"]
[WhiteClock "0:01:06"]
[BlackClock "0:00:04"]

1. d4 d5 2. c4 e6 3. Nf3 Nf6 4. g3 dxc4 5. Bg2 Nbd7 6. O-O c6 7. a4 a5 8. Qc2 b5 9. Rd1 Qb6 10. e4 Be7 11. h4 Bb7 12. Nc3 b4 13. e5 Nd5 14. Ne4 c5 15. Bg5 cxd4 16. Qxc4 O-O 17. Qxd4 Bxg5 18. hxg5 Qxd4 19. Rxd4 Ba6 20. Nd6 Rfd8 21. Rc1 Nxe5 22. Nxe5 Rxd6 23. Rc7 Rf8 24. Ra7 f6 25. gxf6 gxf6 26. Rg4+ Kh8 27. Nf7+ 1-0


[Site "https://www.chess.com"]

[Event "Titled Tuesday Blitz April 26 Early 2022"]
[White "Kadam, Om Manish"]
[Black "Moroni, Luca Jr"]
[WhiteFideId "45076294"]
[BlackFideId "865834"]
[WhiteElo "1729"]
[BlackElo "2573"]
[Result "0-1"]
[Round "02"]
[TimeControl "180+1"]
[Date "2022.04.26"]
[WhiteClock "0:00:25"]
[BlackClock "0:00:38"]

1. e4 d6 2. d4 e5 3. Nc3 exd4 4. Qxd4 Nf6 5. Nf3 Be7 6. Bg5 O-O 7. Bc4 Nc6 8. Qd2 h6 9. Bh4 Nxe4 10. Nxe4 Bxh4 11. O-O Bf6 12. c3 Bf5 13. Bd5 Re8 14. Rfe1 Be6 15. Re2 Bxd5 16. Qxd5 Re6 17. Rae1 Qd7 18. Nxf6+ Rxf6 19. Ne5 Nxe5 20. Rxe5 c6 21. Qd2 Re6 22. Rxe6 fxe6 23. Rd1 d5 24. Qe3 a6 25. Re1 Re8 26. Qe5 Qd8 27. b3 Qf6 28. f3 Qxe5 29. Rxe5 Kf7 30. Kf2 Ke7 31. Re1 Kd6 32. Ke3 e5 33. Kd3 b5 34. Re2 Rf8 35. Re1 g5 36. Re2 Rf4 37. Ke3 a5 38. g3 Rf7 39. Rf2 Kc5 40. a3 b4 41. axb4+ axb4 42. Rc2 Rf6 43. Ke2 bxc3 44. Rxc3+ Kb4 45. Re3 Re6 46. h4 gxh4 47. gxh4 c5 48. Kd2 e4 49. fxe4 Rxe4 50. Rf3 Rxh4 51. Kc2 Rh2+ 0-1


[Site "https://www.chess.com"]

[Event "Titled Tuesday Blitz April 26 Early 2022"]
[White "Kamsky, Gata"]
[Black "Eynullayev, Atilla"]
[WhiteFideId "2000024"]
[BlackFideId "13413570"]
[WhiteElo "2645"]
[BlackElo "1936"]
[Result "1/2-1/2"]
[Round "02"]
[TimeControl "180+1"]
[Date "2022.04.26"]
[WhiteClock "0:00:04"]
[BlackClock "0:00:19"]

1. d4 Nf6 2. Nf3 d5 3. Bf4 c5 4. e3 Nc6 5. Nbd2 Bg4 6. c3 e6 7. Bb5 a6 8. Bxc6+ bxc6 9. Qa4 Qb6 10. Ne5 Rc8 11. Qb3 Qb5 12. Nxg4 Nxg4 13. Qxb5 cxb5 14. Ke2 Nf6 15. a4 b4 16. cxb4 cxb4 17. Rhc1 Ra8 18. Rc6 Be7 19. Rac1 O-O 20. h3 Rfd8 21. Nb3 Ne4 22. Na5 g5 23. Bh2 Rd7 24. Rc8+ Rxc8 25. Rxc8+ Kg7 26. Nc6 Bd6 27. Be5+ f6 28. Bxd6 Nxd6 29. Rd8 Rxd8 30. Nxd8 b3 31. Nxe6+ Kf7 32. Nc5 Nc4 33. Nxb3 Nxb2 34. Nc5 a5 35. g4 Kg6 36. Kd2 h5 37. Kc2 Nc4 38. Ne6 f5 39. gxf5+ Kxf5 40. Ng7+ Kg6 41. Ne8 Kf5 42. Ng7+ Kg6 43. Ne6 Kf5 44. Ng7+ 1/2-1/2


[Site "https://www.chess.com"]

[Event "Titled Tuesday Blitz April 26 Early 2022"]
[White "Karacsonyi, Gellert"]
[Black "Oye-Stromberg, Alexander"]
[WhiteFideId "764620"]
[BlackFideId "1525999"]
[WhiteElo "2187"]
[BlackElo "1934"]
[Result "0-1"]
[Round "02"]
[TimeControl "180+1"]
[Date "2022.04.26"]
[WhiteClock "0:00:02"]
[BlackClock "0:00:13"]

1. e4 e5 2. Nf3 Nc6 3. Bb5 a6 4. Bxc6 dxc6 5. O-O Qf6 6. d4 Bg4 7. dxe5 Qe6 8. h3 h5 9. Bf4 Rd8 10. Qe2 Bxf3 11. Qxf3 Ne7 12. Qb3 Ng6 13. Bg3 h4 14. Bh2 Qxb3 15. axb3 Bc5 16. Kh1 Bd4 17. f4 Bxb2 18. Ra2 Bd4 19. c3 Bb6 20. f5 Ne7 21. Nd2 Rd3 22. Rf3 Rxf3 23. Nxf3 c5 24. Rd2 g6 25. f6 Nc6 26. Bf4 Rh5 27. Rd5 Nd8 28. Ng5 c6 29. Rd1 Bc7 30. e6 Bxf4 31. e7 Bc7 32. exd8=Q+ Bxd8 33. Nxf7 Bxf6 34. Nd6+ Ke7 35. Nxb7 Bxc3 36. Rc1 Bd4 37. Kh2 Rg5 38. Rc2 Rg3 39. Na5 Be5 40. Rd2 Rd3+ 41. Kg1 Rxd2 42. Nxc6+ Kd6 43. Nd8 Bg3 0-1


[Site "https://www.chess.com"]

[Event "Titled Tuesday Blitz April 26 Early 2022"]
[White "Karavade, Eesha"]
[Black "Yuan, Qingyu"]
[WhiteFideId "5012600"]
[BlackFideId "8609772"]
[WhiteElo "2543"]
[BlackElo "2844"]
[Result "0-1"]
[Round "02"]
[TimeControl "180+1"]
[Date "2022.04.26"]
[WhiteClock "0:00:21"]
[BlackClock "0:00:20"]

1. d4 d5 2. c4 e6 3. Nc3 Nf6 4. Nf3 a6 5. cxd5 exd5 6. Bg5 Be6 7. e3 Nbd7 8. Bd3 Bd6 9. O-O c6 10. e4 dxe4 11. Nxe4 Be7 12. Qe2 O-O 13. Ne5 Re8 14. Rfe1 Nd5 15. Bxe7 Qxe7 16. Qh5 N7f6 17. Nxf6+ Nxf6 18. Qh4 g6 19. Nf3 Rad8 20. Ng5 Nh5 21. g4 Rxd4 22. Be4 Nf6 23. Bf3 Kg7 24. Nxe6+ fxe6 25. Qg3 Qd6 26. g5 Nd7 27. Rad1 Qxg3+ 28. hxg3 Rxd1 29. Rxd1 Re7 30. b4 h6 31. gxh6+ Kxh6 32. Be4 Nf6 33. Bc2 Nd5 34. a3 e5 35. Be4 Nc3 36. Re1 Kg5 37. Bc2 Kf6 38. Re3 Nb5 39. Rf3+ Kg7 40. Re3 Nd4 41. Be4 Kf6 42. Kg2 Rd7 43. Rc3 Nf5 44. Rf3 Ke6 45. g4 Ne7 46. g5 Nf5 47. Bxf5+ gxf5 48. Rh3 Rg7 49. Rg3 f4 50. Rg4 Kf5 51. f3 Rxg5 52. Rxg5+ Kxg5 53. Kf2 Kf5 54. Ke2 e4 0-1


[Site "https://www.chess.com"]

[Event "Titled Tuesday Blitz April 26 Early 2022"]
[White "Karolczuk, Iwo"]
[Black "Vokhidov, Shamsiddin"]
[WhiteFideId "21816972"]
[BlackFideId "14204223"]
[WhiteElo "2277"]
[BlackElo "2611"]
[Result "1-0"]
[Round "02"]
[TimeControl "180+1"]
[Date "2022.04.26"]
[WhiteClock "0:00:03"]
[BlackClock "0:00:12"]

1. d4 Nf6 2. c4 e6 3. g3 c5 4. d5 exd5 5. cxd5 d6 6. Nc3 g6 7. Bg2 Bg7 8. Nf3 O-O 9. O-O Re8 10. Re1 a6 11. a4 Bg4 12. Nd2 Nbd7 13. h3 Bh5 14. Nc4 Ne5 15. Nxe5 Rxe5 16. Qb3 Qd7 17. Bf4 Re7 18. e4 h6 19. g4 g5 20. e5 dxe5 21. Bxe5 Bg6 22. d6 Rxe5 23. Rxe5 Nxg4 24. Re2 Ne5 25. Qxb7 Rd8 26. Qxd7 Rxd7 27. Rd1 Nd3 28. Nd5 Kf8 29. Ne7 Bh7 30. Be4 Nf4 31. Ree1 Bxe4 32. Rxe4 Bd4 33. Nf5 Nxh3+ 34. Kg2 Nxf2 35. Rexd4 Nxd1 36. Rxd1 f6 37. Rc1 Kf7 38. Rxc5 Ke6 39. Ra5 h5 40. b4 Rb7 41. Nd4+ Kxd6 42. Rxa6+ Kd5 43. Nb5 f5 44. Rg6 g4 45. Rg5 Ke5 46. Rxf5+ Ke4 47. Nd6+ 1-0


[Site "https://www.chess.com"]